 Dungeon Crawl Stone Soup version 0.25-a0-36-g303dd5b1f4 (webtiles) character file.

Game seed: 4602811564908121309, levelgen mode: deterministic

199 DavidChitty2 the Chiller (level 5, -1/45 HPs)
             Began as a Deep Elf Ice Elementalist on Oct 20, 2019.
             Slain by a phantom (5 damage)
             ... on level 2 of the Dungeon.
             The game lasted 00:06:01 (2182 turns).

DavidChitty2 the Chiller (DEIE)                     Turns: 2182, Time: 00:06:02

Health: -1/45      AC: 22    Str:  5    XL:     5   Next: 48%
Magic:  0/13       EV:  2    Int: 21    God:
Gold:   120        SH:  5    Dex: 15    Spells: 1/12 levels left

rFire    . . .     SeeInvis .   a - +0 spear
rCold    . . .     Gourm    .   (no shield)
rNeg     + + +     Faith    .   (armour currently unavailable)
rPois    +         Spirit   .   (helmet currently unavailable)
rElec    .         Reflect  +   (cloak currently unavailable)
rCorr    .         Harm     .   (gloves currently unavailable)
MR       .....     NoTele   +   (boots currently unavailable)
Stlth    ++........             g - +5 amulet of reflection
HPRegen  0.15/turn              (no ring)
MPRegen  0.13/turn              (no ring)

@: tree-form
A: no striking features
a: no special abilities


You were on level 2 of the Dungeon.
You were hungry.
You were a tree.
You visited 1 branch of the dungeon, and saw 2 of its levels.

You collected 120 gold pieces.

Inventory:

Hand Weapons
 a - a +0 spear (weapon)
   (You found it on level 1 of the Dungeon)
Missiles
 c - 105 stones
 l - a throwing net {!f}
 q - 5 poisoned darts (quivered)
Armour
 k - a +0 leather armour (melded)
   (You found it on level 1 of the Dungeon)
Jewellery
 g - a +5 amulet of reflection (around neck)
   (You found it on level 1 of the Dungeon)
 p - a +4 amulet of reflection
   (You found it on level 2 of the Dungeon)
Scrolls
 d - 3 scrolls of identify {unknown}
 f - 2 scrolls of remove curse {unknown}
 h - a scroll of enchant weapon {unknown}
 m - a scroll of amnesia {unknown}
 n - a scroll of immolation {unknown}
 o - a scroll of blinking {unknown}
 s - a scroll of teleportation {unknown}
Potions
 b - a potion of curing {unknown}
 j - a potion of mutation {unknown}
 r - a potion of magic {unknown}
Comestibles
 e - 4 rations {!d}
 t - a chunk of flesh


   Skills:
 + Level 1.7 Fighting
 - Level 2.4 Dodging
 - Level 2.4 Stealth
 + Level 4.3 Spellcasting
 + Level 2.6 Conjurations
 + Level 0.0 Summonings
 * Level 5.0 Ice Magic


You had one spell level left.
You knew the following spells:

 Your Spells              Type           Power        Failure   Level  Hunger
a - Freeze                Ice            ####         1%          1    None
c - Throw Icicle          Conj/Ice       ###.....     24%         4    ####...
d - Summon Ice Beast      Ice/Summ       ###.....     38%         4    ####...
x - Throw Frost           Conj/Ice       ###...       3%          2    #......

Your spell library contained the following spells:

 Spells                   Type           Power        Failure   Level  Hunger
 Corona                   Hex            #......      12%         1    None
 Ensorcelled Hibernation  Hex/Ice        ###...       6%          2    #......
 Ozocubu's Armour         Chrm/Ice       ###.....     12%         3    ##.....
 Dazzling Spray           Conj/Hex       ##....       21%         3    ##.....
 Confuse                  Hex            #.......     34%         3    ##.....
 Tukima's Dance           Hex            #.......     34%         3    ##.....


Dungeon Overview and Level Annotations

Branches:
Dungeon (2/15)

Altars:
Xom


Message History

Attack whom?
Aim: a phantom (lightly damaged)
You reach to attack!
You hit the phantom.
Aim: a phantom (lightly damaged)
The phantom completely resists.
You freeze the phantom but do no damage.
The phantom hits you.
* * * LOW HITPOINT WARNING * * *
The phantom blinks!
Your transformation is almost over.
The phantom blinks!
Attack whom?
Aim: a phantom (lightly damaged)
You reach to attack!
You closely miss the phantom.
Attack whom?
Aim: a phantom (lightly damaged)
You barely miss the phantom.
The phantom hits you but does no damage.
Attack whom?
Aim: a phantom (lightly damaged)
You hit the phantom. The phantom hits you.
* * * LOW HITPOINT WARNING * * *
Attack whom?
Aim: a phantom (moderately damaged)
You barely miss the phantom.
The phantom blinks!
Attack whom?
Aim: a phantom (moderately damaged)
You barely miss the phantom.
You feel less wooden.
Your +0 leather armour unmelds from your body.
You block the phantom's attack.
Aim: a phantom (moderately damaged)
The phantom completely resists.
You freeze the phantom but do no damage.
The phantom barely misses you.
You don't have enough magic to cast that spell.
You hit the phantom but do no damage. The phantom hits you.
* * * LOW HITPOINT WARNING * * *
You don't have enough magic to cast that spell.
Really quaff
i - a potion of lignification {!q}?
Really quaff the potion of lignification?
You turn into a tree.
Your +0 leather armour melds into your body.
Your roots penetrate the ground.
The phantom barely misses you.
Aim: a phantom (moderately damaged)
The phantom completely resists.
You freeze the phantom but do no damage.
The phantom hits you but does no damage.
You hit the phantom but do no damage. The phantom hits you.
You die...

#...###.##.####.#......
#........#.# #.#......
#........#.# #.#.....#
#........#.# #.#######
#........#.####.#
#........#......#
#......).########
#........# #....W♣..#
#.....)..# #........#
#........# #........##
#.........# #...##....#
#... #....# #... #....#


You could see a phantom.

Vanquished Creatures
  Sigmund (D:2)
  An adder (D:2)
  2 dart slugs
  A leopard gecko (D:2)
  An orc (D:2)
  A bat (D:2)
  3 giant cockroaches
  8 goblins
  5 hobgoblins
  2 jackals (D:2)
  4 kobolds (D:2)
  A ball python (D:1)
  A frilled lizard (D:2)
  A rat (D:2)
32 creatures vanquished.

Notes
Turn   | Place    | Note
-------+----------+-------------------------------------------
     0 | D:1      | DavidChitty2 the Deep Elf Ice Elementalist began the quest
                  | for the Orb.
     0 | D:1      | Reached XP level 1. HP: 10/10 MP: 6/6
   458 | D:1      | Reached XP level 2. HP: 16/16 MP: 5/8
   465 | D:1      | Learned a level 2 spell: Throw Frost
  1301 | D:2      | Reached XP level 3. HP: 20/20 MP: 2/10
  1381 | D:2      | Reached skill level 4 in Ice Magic
  1451 | D:2      | Found a shimmering altar of Xom.
  1648 | D:2      | Noticed Sigmund
  1670 | D:2      | Killed Sigmund
  1670 | D:2      | Reached skill level 1 in Fighting
  1670 | D:2      | Reached skill level 5 in Ice Magic
  1670 | D:2      | Reached XP level 4. HP: 16/26 MP: 2/12
  1670 | D:2      | Reached XP level 5. HP: 19/30 MP: 2/13
  1871 | D:2      | Learned a level 4 spell: Summon Ice Beast
  1976 | D:2      | Learned a level 4 spell: Throw Icicle
  2106 | D:2      | Noticed a phantom
  2182 | D:2      | Slain by a phantom

Levels and vault maps discovered:
D:1:      dpeg_arrival_morbid_curiosity, layout_basic
D:2:      layout_basic, chequers_ecumenical_altar_island, tgw_xom, uniq_sigmund

Skill      XL: |  1  2  3 |
---------------+----------+-----
Ice Magic      | 5 |  5.0
Fighting       | 1 |  1.7
Spellcasting   | 4 |  4.3
Conjurations   | 2 |  2.6
Dodging        | |  2.4
Stealth        | |  2.4

Action                   |  1- 3 |  4- 6 || total
-------------------------+-------+-------++-------
Melee: Spear             |     8 |    34 ||    42
Throw: Stone             |    22 |       ||    22
       Dart              |     2 |       ||     2
 Cast: Freeze            |    20 |     4 ||    24
       Throw Frost       |    20 |    17 ||    37
  Use: Potion            |       |     2 ||     2
  Eat: Chunk             |     3 |     1 ||     4
Armor: Robe              |     1 |       ||     1
       Leather armour    |     2 |       ||     2
       Skin              |       |    15 ||    15
Dodge: Dodged            |    14 |     8 ||    22
Block: Other             |     5 |     6 ||    11
       Reflection        |     3 |       ||     3

Table legend:
 A = Non-vault XP
 B = Vault XP
 C = Vault XP percentage of total XP
 D = Non-vault monster count
 E = Vault monster count
 F = Vault count percentage of total count
                 A         B        C        D         E       F
            +---------+---------+-------+---------+---------+-------
      Total |      53 |     232 |  81.4 |      20 |      12 |  37.5
            +---------+---------+-------+---------+---------+-------
        D:1 |      15 |       8 |  34.8 |       7 |       4 |  36.4
        D:2 |      38 |     224 |  85.5 |      13 |       8 |  38.1
            +---------+---------+-------+---------+---------+-------
